 Dungeon Crawl Stone Soup version 0.23.2-11-gf996548 (webtiles) character file.

Game seed: 3115706936723459607

1018 Fang the Skirmisher (level 8, -5/51 HPs)
             Began as a Gargoyle Berserker on June 4, 2019.
             Was a Priest of Trog.
             Slain by an ice beast (11 damage)
             ... on level 7 of the Dungeon.
             The game lasted 00:04:22 (5078 turns).

Fang the Skirmisher (Gargoyle Berserker)            Turns: 5078, Time: 00:04:23

Health: -5/51      AC: 17    Str: 20    XL:     8   Next: 22%
Magic:  8/8        EV:  9    Int:  8    God:    Trog [***...]
Gold:   358        SH:  0    Dex:  9    Spells: 7/7 levels left

rFire    . . .     SeeInvis .   a - +0 hand axe
rCold    . . .     Gourm    .   (no shield)
rNeg     + . .     Faith    .   b - +0 chain mail
rPois    ∞         Spirit   .   (no helmet)
rElec    +         Reflect  .   (no cloak)
rCorr    .         Harm     .   (no gloves)
MR       .....                  (no boots)
Stlth    ..........             (no amulet)
HPRegen  0.17/turn              l - -3 ring of strength (curse)
MPRegen  0.11/turn              o - +2 ring of protection

@: berserk cooldown, slowed, very slow
A: negative energy resistance 1, electricity resistance, unbreathing,
petrification resistance, rot immunity, AC +5
a: Berserk, Trog's Hand, Renounce Religion


You were on level 7 of the Dungeon.
You worshipped Trog.
Trog was most pleased with you.
You were hungry.

You visited 2 branches of the dungeon, and saw 8 of its levels.

You collected 358 gold pieces.

Inventory:

Hand Weapons
 a - a +0 hand axe (weapon)
Armour
 b - a +0 chain mail (worn)
Jewellery
 l - a cursed -3 ring of strength (left hand)
 o - a +2 ring of protection (right hand)
Wands
 u - a wand of paralysis (4)
 x - a wand of iceblast (10)
Scrolls
 d - a scroll of fear {unknown}
 f - 6 scrolls of identify {unknown}
 i - a scroll of blinking {unknown}
 j - 2 scrolls of remove curse {unknown}
 n - a scroll of random uselessness {unknown}
 p - 5 scrolls of magic mapping {unknown}
 t - a scroll of enchant armour {unknown}
 v - a scroll of noise {unknown}
 w - a scroll of teleportation {unknown}
Potions
 e - a potion of lignification {unknown}
 g - a potion of invisibility {unknown}
 h - a potion of magic {unknown}
 k - a potion of flight {unknown}
 m - 2 potions of agility {unknown}
 q - 3 potions of cancellation {unknown}
 r - 3 potions of heal wounds {unknown}
 s - 4 potions of haste
 A - a potion of berserk rage {unknown}
Comestibles
 c - 12 rations
 z - 9 chunks of flesh


   Skills:
 + Level 6.0 Fighting
 + Level 5.0 Axes
 + Level 5.5 Armour
 + Level 4.0 Dodging


You had 7 spell levels left.
You didn't know any spells.
Your spell library was empty.

Dungeon Overview and Level Annotations

Branches:
Dungeon (7/15)             Temple (1/1) D:5

Altars:
Ashenzari
Cheibriados
Dithmenos
Elyvilon
Gozag
Hepliaklqana
Nemelex Xobeh
Okawaru
Sif Muna
Trog
Uskayaw
Vehumet
Xom
Yredelemnul
Zin
The Shining One

Shops:
D:5 [


Innate Abilities, Weirdness & Mutations

You are resistant to torment.
Your stone body is resilient. (AC +5)
You are immune to poison.
You resist negative energy. (rN+)
You are resistant to electric shocks. (rElec)
You can survive without breathing.
You are immune to petrification.
You are immune to rotting.


Message History

Your chain mail prevents you from hitting the big kobold.
The big kobold is almost dead.
You slash the ice beast! You slash the orc!
You kill the orc!
Trog accepts your kill.
The big kobold hits you but does no damage.
You are no longer berserk.
Trog's vigour flows through your veins.
You are exhausted.
You feel yourself slow down.
The ice beast hits you but does no damage.
Items here: )))) [ †† You closely miss the ice beast.
The ice beast is severely wounded.
You closely miss the big kobold.
The big kobold hits you but does no damage.
The ice beast hits you.
* * * LOW HITPOINT WARNING * * *
The ice beast freezes you!
You die...

#......#.......
...............
......#........
......#........
...............
......#....##
#...)......
#.!@Yo..(..
#.K<#......
#.[## ...## ###
..# .# .. .


You could see an ice beast, a big kobold and an orc.

Vanquished Creatures
  An ogre (D:5)
  A centaur (D:6)
  A crocodile (D:7)
  3 scorpions
  4 hounds
  A jelly (D:6)
  2 orc wizards
  2 orc priests
  4 worker ants
  A killer bee zombie (D:3)
  A hound zombie (D:5)
  4 gnolls (D:3)
  9 adders
  A shadow imp (D:4)
  3 worms
  2 dart slugs (D:2)
  2 leopard geckos
  19 orcs
  6 giant cockroaches
  10 goblins
  3 hobgoblins
  5 jackals
  A quokka (D:4)
  2 ball pythons (D:1)
  2 bats (D:2)
  3 frilled lizards
  10 kobolds
  2 leopard gecko skeletons
  2 quokka skeletons
  9 rats
116 creatures vanquished.

Notes
Turn   | Place    | Note
-------+----------+-------------------------------------------
     0 | D:1      | Fang the Gargoyle Berserker began the quest for the Orb.
     0 | D:1      | Reached XP level 1. HP: 14/14 MP: 1/1
   350 | D:1      | Reached XP level 2. HP: 15/19 MP: 2/2
  1128 | D:2      | Reached XP level 3. HP: 22/23 MP: 3/3
  1266 | D:2      | Reached ** piety under Trog
  1501 | D:2      | Reached XP level 4. HP: 28/29 MP: 4/4
  1882 | D:3      | Reached skill level 4 in Fighting
  2033 | D:3      | Found a basalt altar of Yredelemnul.
  2082 | D:3      | Found a glowing golden altar of the Shining One.
  2177 | D:3      | Reached XP level 5. HP: 33/33 MP: 5/5
  2806 | D:4      | Reached *** piety under Trog
  2815 | D:4      | Reached XP level 6. HP: 34/39 MP: 6/6
  3473 | D:4      | Found a shadowy altar of Dithmenos.
  3637 | D:5      | Entered Level 5 of the Dungeon
  3687 | D:5      | Reached skill level 5 in Fighting
  3687 | D:5      | Reached XP level 7. HP: 42/44 MP: 7/7
  3854 | D:5      | Found a staircase to the Ecumenical Temple.
  3864 | Temple   | Entered the Ecumenical Temple
  3922 | D:5      | Found a shimmering altar of Xom.
  3922 | D:5      | Found a shattered altar of Ashenzari.
  4068 | D:5      | Found Omain's Armour Shop.
  4487 | D:6      | Reached skill level 5 in Armour
  4891 | D:6      | Reached XP level 8. HP: 49/51 MP: 8/8
  5073 | D:7      | Reached skill level 6 in Fighting
  5073 | D:7      | Reached skill level 5 in Axes
  5078 | D:7      | Slain by an ice beast

Skill      XL: |  1  2  3  4  5  6  7  8 |
---------------+-------------------------+-----
Axes           | 3 4 5 |  5.0
Dodging        | 2 3 4 |  4.0
Armour         | 3 4 5 |  5.5
Fighting       | 4 5 6 |  6.0

Action                   |  1- 3 |  4- 6 |  7- 9 || total
-------------------------+-------+-------+-------++-------
Melee: Hand axe          |    98 |   279 |   143 ||   520
Invok: Berserk           |       |     2 |     2 ||     4
 Stab: Sleeping          |     1 |       |       ||     1
  Eat: Chunk             |     2 |     9 |     6 ||    17
Armor: Animal skin       |    27 |    11 |       ||    38
       Chain mail        |       |   181 |   107 ||   288
Dodge: Dodged            |    68 |   145 |    78 ||   291
